| TOP OF THE 1ST |
|
Missoula Osprey batting - Pitching for Bristol Pirates : RHP Jeff Crescimanno
|
|
Pitching: RHP Jeff Crescimanno
|
|
|
Batting: SHB Roger Holmes
|
0-0: Ball 1-0: Foul Ball, location: 2F 1-1: Swinging Strike 1-2: Strikes out swinging
|
|
Batting: RHB Paul Schreiber
|
0-0: Ground out 6-3 (Groundball, 6, EV 85.6 MPH)
|
|
Batting: SHB Evan Armagost
|
0-0: Called Strike 0-1: Called Strike 0-2: Ball 1-2: Ball 2-2: Ball 3-2: Ground out 5-3 (Groundball, 56, EV 105.0 MPH)
|
| Top of the 1st over - 0 runs, 0 hits, 0 errors, 0 left on base; Missoula 0 - Bristol 0 |
| BOTTOM OF THE 1ST |
|
Bristol Pirates batting - Pitching for Missoula Osprey : RHP Dan Thompson
|
|
Pitching: RHP Dan Thompson
|
|
|
Batting: RHB Perry Dominey
|
0-0: Ball 1-0: Foul Ball, location: 2F 1-1: Ball 2-1: Called Strike 2-2: Fly out, F9 (Flyball, 9LS, EV 75.6 MPH)
|
|
Batting: RHB Randy Bergman
|
0-0: Ball 1-0: Ball 2-0: Ball 3-0: Base on Balls
|
|
Batting: LHB Randy Boone
|
0-0: Foul Ball, location: 2F 0-1: DOUBLE (Groundball, 3L, EV 103.1 MPH) Randy Bergman to third
|
|
Batting: RHB Etsuro Hosokawa
|
0-0: Ball 1-0: Called Strike 1-1: Ball 2-1: Foul Ball, location: 2F 2-2: Foul Ball, location: 2F 2-2: Ball 3-2: Foul Ball, location: 2F 3-2: Strikes out looking
|
|
Batting: LHB Joe Wise
|
0-0: Called Strike 0-1: Ball 1-1: Ball 2-1: Foul Ball, location: 2F 2-2: Fly out, F7 (Line Drive, 7, EV 91.9 MPH)
|
| Bottom of the 1st over - 0 runs, 1 hit, 0 errors, 2 left on base; Missoula 0 - Bristol 0 |
| TOP OF THE 2ND |
|
Missoula Osprey batting - Pitching for Bristol Pirates : RHP Jeff Crescimanno
|
|
Batting: RHB Chad Mendoza
|
0-0: Ball 1-0: SINGLE (Groundball, 34D, EV 107.5 MPH)
|
|
Batting: LHB Enrique Ponce
|
0-0: Ball 1-0: Ground out 4-3 (Groundball, 4S, EV 72.5 MPH) Chad Mendoza to second
|
|
Batting: LHB Omar Marquez
|
0-0: Called Strike 0-1: Ball 1-1: Foul Ball, location: 2F 1-2: Ball 2-2: Ground out 6-3 (Groundball, P, EV 80.0 MPH) Chad Mendoza to third
|
|
Batting: LHB Jeff Harmon
|
0-0: Ball 1-0: Called Strike 1-1: Swinging Strike 1-2: Ground out 5-3 (Groundball, 56, EV 79.4 MPH)
|
| Top of the 2nd over - 0 runs, 1 hit, 0 errors, 1 left on base; Missoula 0 - Bristol 0 |
| BOTTOM OF THE 2ND |
|
Bristol Pirates batting - Pitching for Missoula Osprey : RHP Dan Thompson
|
|
Batting: LHB Ruben Garza
|
0-0: Ball 1-0: Called Strike 1-1: Foul Ball, location: 2F 1-2: SINGLE (Groundball, 4MD, EV 101.3 MPH)
|
|
Batting: RHB Andrew DeRicco
|
0-0: Ball 1-0: Foul Ball, location: 2F 1-1: Ball 2-1: Ball 3-1: SINGLE (Groundball, 13S, EV 69.4 MPH) (infield hit) Ruben Garza to second
|
|
Batting: RHB Rob Colley
|
0-0: Foul Ball, location: 2F 0-1: Foul Ball, location: 2F 0-2: Hit by Pitch Ruben Garza to third Andrew DeRicco to second
|
|
Batting: RHB Gilberto Victoria
|
0-0: Foul Ball, location: 2F 0-1: Fly out, F2 (Popup, 23F, EV 85.6 MPH)
|
|
Batting: RHB Perry Dominey
|
0-0: Fly out, F8 (Line Drive, 8RD, EV 95.6 MPH) Runner from 3rd tags up, SCORES, throw by CF
|
|
Batting: RHB Randy Bergman
|
0-0: Ball 1-0: Ball 2-0: SINGLE (Groundball, 6MD, EV 95.0 MPH) Andrew DeRicco to third Rob Colley to second Runner from 3rd tries for Home, SAFE, throw by CF to home
|
|
Batting: LHB Randy Boone
|
0-0: Ball 1-0: Called Strike 1-1: Ball 2-1: Fly out, F9 (Flyball, 89M, EV 85.0 MPH)
|
| Bottom of the 2nd over - 2 runs, 3 hits, 0 errors, 2 left on base; Missoula 0 - Bristol 2 |
| TOP OF THE 3RD |
|
Missoula Osprey batting - Pitching for Bristol Pirates : RHP Jeff Crescimanno
|
|
Batting: SHB Ed Vargas
|
0-0: Swinging Strike 0-1: Ball 1-1: Foul Ball, location: 2F 1-2: Strikes out swinging
|
|
Batting: RHB Sergio Manzanero
|
0-0: Swinging Strike 0-1: Ball 1-1: Ball 2-1: Swinging Strike 2-2: Ball 3-2: Strikes out swinging
|
|
Batting: SHB Roger Holmes
|
0-0: Ball 1-0: Ball 2-0: Foul Ball, location: 2F 2-1: DOUBLE (Line Drive, 7LM, EV 90.6 MPH)
|
|
Batting: RHB Paul Schreiber
|
0-0: Ball 1-0: Called Strike 1-1: Ground out 6-3 (Groundball, 6, EV 99.4 MPH)
|
| Top of the 3rd over - 0 runs, 1 hit, 0 errors, 1 left on base; Missoula 0 - Bristol 2 |
| BOTTOM OF THE 3RD |
|
Bristol Pirates batting - Pitching for Missoula Osprey : RHP Dan Thompson
|
|
Batting: RHB Etsuro Hosokawa
|
0-0: Called Strike 0-1: Foul Ball, location: 2F 0-2: Foul Ball, location: 2F 0-2: DOUBLE (Line Drive, 9LS, EV 95.6 MPH)
|
|
Batting: LHB Joe Wise
|
0-0: Ball 1-0: Called Strike 1-1: Ball 2-1: Ground out 5-3 (Groundball, 56S, EV 84.4 MPH)
|
|
Batting: LHB Ruben Garza
|
0-0: Ball 1-0: Foul Ball, location: 2F 1-1: Called Strike 1-2: Strikes out swinging
|
|
Batting: RHB Andrew DeRicco
|
0-0: Called Strike 0-1: Foul Ball, location: 2F 0-2: Ball 1-2: Foul Ball, location: 2F 1-2: Ball 2-2: Ball 3-2: Foul Ball, location: 2F 3-2: Ground out 5-3 (Groundball, 5, EV 101.3 MPH)
|
| Bottom of the 3rd over - 0 runs, 1 hit, 0 errors, 1 left on base; Missoula 0 - Bristol 2 |
| TOP OF THE 4TH |
|
Missoula Osprey batting - Pitching for Bristol Pirates : RHP Jeff Crescimanno
|
|
Batting: SHB Evan Armagost
|
0-0: SINGLE (Line Drive, 89M, EV 106.3 MPH)
|
|
Batting: RHB Chad Mendoza
|
0-0: Called Strike 0-1: Ball 1-1: Ball Passed Ball! Evan Armagost to second 2-1: Ball 3-1: 2-RUN HOME RUN (Flyball, 7D, EV 99.4 MPH), Distance : 384 ft
|
|
Batting: LHB Enrique Ponce
|
0-0: Ground out 4-3 (Groundball, 4M, EV 90.0 MPH)
|
|
Batting: LHB Omar Marquez
|
0-0: Fly out, F6 (Flyball, 56D, EV 78.8 MPH)
|
|
Batting: LHB Jeff Harmon
|
0-0: Ball 1-0: Ball 2-0: Ball 3-0: Called Strike 3-1: Base on Balls
|
|
Batting: SHB Ed Vargas
|
0-0: Called Strike 0-1: Called Strike 0-2: Foul Ball, location: 2F 0-2: Ground out 4-3 (Groundball, 4, EV 105.6 MPH)
|
| Top of the 4th over - 2 runs, 2 hits, 0 errors, 1 left on base; Missoula 2 - Bristol 2 |
| BOTTOM OF THE 4TH |
|
Bristol Pirates batting - Pitching for Missoula Osprey : RHP Dan Thompson
|
|
Batting: RHB Rob Colley
|
0-0: Called Strike 0-1: Swinging Strike 0-2: Foul Ball, location: 2F 0-2: Ground out 4-3 (Groundball, 4M, EV 85.0 MPH)
|
|
Batting: RHB Gilberto Victoria
|
0-0: Ball 1-0: Ball 2-0: Ball 3-0: Called Strike 3-1: Foul Ball, location: 2F 3-2: Strikes out swinging
|
|
Batting: RHB Perry Dominey
|
0-0: Ball 1-0: Swinging Strike 1-1: Called Strike 1-2: Ball 2-2: Foul Ball, location: 2F 2-2: Strikes out looking
|
| Bottom of the 4th over - 0 runs, 0 hits, 0 errors, 0 left on base; Missoula 2 - Bristol 2 |
| TOP OF THE 5TH |
|
Missoula Osprey batting - Pitching for Bristol Pirates : RHP Jeff Crescimanno
|
|
Batting: RHB Sergio Manzanero
|
0-0: Ball 1-0: Foul Ball, location: 2F 1-1: Foul Ball, location: 2F 1-2: Strikes out swinging
|
|
Batting: SHB Roger Holmes
|
0-0: Called Strike 0-1: Reached via error on a dropped throw from 2B, E3 (Groundball, 4M, EV 110.6 MPH)
|
|
Batting: RHB Paul Schreiber
|
0-0: Ball 1-0: Ball Wild Pitch! Roger Holmes to second 2-0: Foul Ball, location: 2F 2-1: DOUBLE (Groundball, 5L, EV 101.3 MPH) Roger Holmes scores
|
|
Batting: SHB Evan Armagost
|
0-0: Called Strike 0-1: Ball 1-1: Called Strike 1-2: SINGLE (Line Drive, 4D, EV 97.5 MPH) Paul Schreiber to third
|
|
Batting: RHB Chad Mendoza
|
0-0: Called Strike Evan Armagost steals 2nd base 0-1: Foul Ball, location: 2F 0-2: Fly out, F6 (Popup, P, EV 83.8 MPH)
|
|
Batting: LHB Enrique Ponce
|
0-0: Foul Ball, location: 2F 0-1: Swinging Strike 0-2: Foul Ball, location: 2F 0-2: TRIPLE (Groundball, 3L, EV 106.3 MPH) Paul Schreiber scores Evan Armagost scores
|
|
Batting: LHB Omar Marquez
|
0-0: Ball 1-0: Ground out U3 (Groundball, 3S, EV 85.6 MPH)
|
| Top of the 5th over - 3 runs, 3 hits, 1 error, 1 left on base; Missoula 5 - Bristol 2 |
| BOTTOM OF THE 5TH |
|
Bristol Pirates batting - Pitching for Missoula Osprey : RHP Dan Thompson
|
|
Batting: RHB Randy Bergman
|
0-0: Ball 1-0: Ball 2-0: Fly out, F8 (Flyball, 8RD, EV 106.3 MPH)
|
|
Batting: LHB Randy Boone
|
0-0: Fly out, F7 (Line Drive, 7, EV 103.8 MPH)
|
|
Batting: RHB Etsuro Hosokawa
|
0-0: Ball 1-0: Ball 2-0: Swinging Strike 2-1: Foul Ball, location: 2F 2-2: Foul Ball, location: 2F 2-2: Ball 3-2: Base on Balls
|
|
Batting: LHB Joe Wise
|
0-0: Called Strike Etsuro Hosokawa steals 2nd base (no throw) 0-1: Ball 1-1: Ball 2-1: Ball 3-1: Base on Balls
|
|
Batting: LHB Ruben Garza
|
0-0: Called Strike 0-1: Fly out, F9 (Flyball, 9LM, EV 109.4 MPH)
|
| Bottom of the 5th over - 0 runs, 0 hits, 0 errors, 2 left on base; Missoula 5 - Bristol 2 |
| TOP OF THE 6TH |
|
Missoula Osprey batting - Pitching for Bristol Pirates : RHP Jeff Crescimanno
|
|
Batting: LHB Jeff Harmon
|
0-0: Ground out U3 (Groundball, 3S, EV 80.0 MPH)
|
|
Batting: SHB Ed Vargas
|
0-0: Ball 1-0: Ball 2-0: Ball 3-0: Base on Balls
|
|
Batting: RHB Sergio Manzanero
|
0-0: SINGLE (Groundball, 56D, EV 96.9 MPH) Ed Vargas to second
|
|
Pitching: LHP Phil DeCamp
|
|
|
Batting: SHB Roger Holmes
|
0-0: Foul Ball, location: 2F 0-1: Foul Ball, location: 2F 0-2: Strikes out swinging
|
|
Batting: RHB Paul Schreiber
|
0-0: Called Strike 0-1: Fly out, F2 (Popup, 2RF, EV 93.1 MPH)
|
| Top of the 6th over - 0 runs, 1 hit, 0 errors, 2 left on base; Missoula 5 - Bristol 2 |
| BOTTOM OF THE 6TH |
|
Bristol Pirates batting - Pitching for Missoula Osprey : RHP Dan Thompson
|
|
Pitching: RHP Jason Hammons
|
|
|
Batting: RHB Andrew DeRicco
|
0-0: Called Strike 0-1: Ball 1-1: Foul Ball, location: 2F 1-2: Ball 2-2: Ball 3-2: SINGLE (Groundball, 56D, EV 100.0 MPH)
|
|
Batting: RHB Rob Colley
|
0-0: Ball 1-0: Called Strike 1-1: Ball 2-1: Ball 3-1: Swinging Strike 3-2: Strikes out looking
|
|
Batting: RHB Gilberto Victoria
|
0-0: Fielders Choice at 2nd, 5-4 (Groundball, 56S, EV 86.3 MPH)
|
|
Batting: RHB Perry Dominey
|
0-0: Swinging Strike 0-1: Swinging Strike 0-2: Foul Ball, location: 2F 0-2: Ball 1-2: Ball 2-2: Ball 3-2: Strikes out swinging
|
| Bottom of the 6th over - 0 runs, 1 hit, 0 errors, 1 left on base; Missoula 5 - Bristol 2 |
| TOP OF THE 7TH |
|
Missoula Osprey batting - Pitching for Bristol Pirates : LHP Phil DeCamp
|
|
Batting: SHB Evan Armagost
|
0-0: Ball 1-0: Ball 2-0: Ball 3-0: Called Strike 3-1: Ground out 5-3 (Groundball, 5, EV 80.6 MPH)
|
|
Batting: RHB Chad Mendoza
|
0-0: Called Strike 0-1: Foul Ball, location: 2F 0-2: SINGLE (Flyball, 5D, EV 91.9 MPH)
|
|
Batting: LHB Enrique Ponce
|
0-0: Called Strike 0-1: Called Strike 0-2: Strikes out swinging
|
|
Batting: LHB Omar Marquez
|
0-0: Ball 1-0: Ball 2-0: Ground out 6-3 (Groundball, 6M, EV 106.9 MPH)
|
| Top of the 7th over - 0 runs, 1 hit, 0 errors, 1 left on base; Missoula 5 - Bristol 2 |
| BOTTOM OF THE 7TH |
|
Bristol Pirates batting - Pitching for Missoula Osprey : RHP Jason Hammons
|
|
Pitching: RHP John Petersen
|
|
|
Batting: RHB Randy Bergman
|
0-0: Ball 1-0: Ball 2-0: SOLO HOME RUN (Flyball, 78XD, EV 104.4 MPH), Distance : 434 ft
|
|
Batting: LHB Randy Boone
|
0-0: Ball 1-0: Called Strike 1-1: Foul Ball, location: 2F 1-2: Fly out, F6 (Line Drive, 6, EV 75.0 MPH)
|
|
Batting: RHB Etsuro Hosokawa
|
0-0: Called Strike 0-1: Ball 1-1: Foul Ball, location: 2F 1-2: Foul Ball, location: 2F 1-2: SINGLE (Line Drive, 6D, EV 108.8 MPH)
|
|
Batting: LHB Joe Wise
|
0-0: Ball Etsuro Hosokawa is caught stealing 2nd base 2-6 1-0: Ball 2-0: Ball 3-0: Called Strike 3-1: Base on Balls
|
|
Batting: LHB Ruben Garza
|
0-0: Ground out 4-3 (Groundball, 34, EV 86.3 MPH)
|
| Bottom of the 7th over - 1 run, 2 hits, 0 errors, 1 left on base; Missoula 5 - Bristol 3 |
| TOP OF THE 8TH |
|
Missoula Osprey batting - Pitching for Bristol Pirates : LHP Phil DeCamp
|
|
Batting: LHB Jeff Harmon
|
0-0: Ball 1-0: Ground out U3 (Groundball, 3, EV 86.3 MPH)
|
|
Batting: SHB Ed Vargas
|
0-0: Called Strike 0-1: Fly out, F8 (Flyball, 8LD, EV 105.0 MPH)
|
|
Batting: RHB Sergio Manzanero
|
0-0: Swinging Strike 0-1: Ground out 4-3 (Groundball, 4, EV 99.4 MPH)
|
| Top of the 8th over - 0 runs, 0 hits, 0 errors, 0 left on base; Missoula 5 - Bristol 3 |
| BOTTOM OF THE 8TH |
|
Bristol Pirates batting - Pitching for Missoula Osprey : RHP John Petersen
|
|
Pitching: RHP Rick Foster
|
|
|
Batting: RHB Andrew DeRicco
|
0-0: Ground out 6-3 (Groundball, 6S, EV 88.8 MPH)
|
|
Pinch Hitting: LHB Tomohiro Yokoyama
|
0-0: Ball 1-0: Called Strike 1-1: Foul Ball, location: 2F 1-2: Foul Ball, location: 2F 1-2: Fly out, F9 (Flyball, 9LS, EV 86.9 MPH)
|
|
Pinch Hitting: RHB Jaime Dubicki
|
0-0: Swinging Strike 0-1: Foul Ball, location: 2F 0-2: Ground out 6-3 (Groundball, 6, EV 105.6 MPH)
|
| Bottom of the 8th over - 0 runs, 0 hits, 0 errors, 0 left on base; Missoula 5 - Bristol 3 |
| TOP OF THE 9TH |
|
Missoula Osprey batting - Pitching for Bristol Pirates : LHP Phil DeCamp
|
|
Now at 3B: Jaime Dubicki
|
|
|
Now at SS: Pete Hutton
|
|
|
Batting: SHB Roger Holmes
|
0-0: Ball 1-0: Called Strike 1-1: Ball 2-1: Swinging Strike 2-2: Fly out, F8 (Flyball, 8RS, EV 85.0 MPH)
|
|
Batting: RHB Paul Schreiber
|
0-0: Ball 1-0: Ball 2-0: Fly out, F5 (Line Drive, 5, EV 69.4 MPH)
|
|
Batting: SHB Evan Armagost
|
0-0: Called Strike 0-1: Ball 1-1: Called Strike 1-2: Ball 2-2: Foul Ball, location: 2F 2-2: SINGLE (Groundball, 6D, EV 101.3 MPH)
|
|
Batting: RHB Chad Mendoza
|
0-0: Ball 1-0: Called Strike Evan Armagost steals 2nd base 1-1: Foul Ball, location: 2F 1-2: SINGLE (Line Drive, 34D, EV 102.5 MPH) Evan Armagost to third
|
|
Batting: LHB Enrique Ponce
|
0-0: Ball 1-0: Ball 2-0: Called Strike 2-1: Swinging Strike 2-2: Strikes out swinging
|
| Top of the 9th over - 0 runs, 2 hits, 0 errors, 2 left on base; Missoula 5 - Bristol 3 |
| BOTTOM OF THE 9TH |
|
Bristol Pirates batting - Pitching for Missoula Osprey : RHP Rick Foster
|
|
Pitching: LHP Heath Henderson
|
|
|
Batting: RHB Perry Dominey
|
0-0: Called Strike 0-1: Foul Ball, location: 2F 0-2: Foul Ball, location: 2F 0-2: Ball 1-2: Ball 2-2: Ball 3-2: Foul Ball, location: 2F 3-2: Base on Balls
|
|
Batting: RHB Randy Bergman
|
0-0: Fly out, F8 (Flyball, 89M, EV 97.5 MPH)
|
|
Batting: LHB Randy Boone
|
0-0: Called Strike 0-1: Swinging Strike 0-2: Foul Ball, location: 2F 0-2: Ball 1-2: Foul Ball, location: 2F 1-2: Ball 2-2: Grounds into double play, 4-6-3 (Groundball, 34, EV 101.9 MPH)
|
| Bottom of the 9th over - 0 runs, 0 hits, 0 errors, 0 left on base; Missoula 5 - Bristol 3 |
|